 Dungeon Crawl Stone Soup version 0.30-a0-373-gd37427bb62 (webtiles) character file.

Game seed: 8431101684299486422

24504 mopl the Covert (level 13, -3/84 HPs)
             Began as a Vine Stalker Enchanter on Nov 24, 2022.
             Was a High Priest of Kikubaaqudgha.
             Slain by a four-headed hydra (8 damage)
             ... on level 3 of the Lair of Beasts.
             The game lasted 00:42:05 (12423 turns).

mopl the Covert (Vine Stalker Enchanter)           Turns: 12423, Time: 00:42:06

Health: -3/84      AC: 26    Str: 12      XL:     13   Next: 13%
Magic:  0/27       EV:  2    Int: 25      God:    Kikubaaqudgha [*****.]
Gold:   1507       SH:  0    Dex: 14 (15) Spells: 5/30 levels left

rFire   . . .      SeeInvis .    Q - +4 scimitar (flame)
rCold   . . .      Faith    .    (no shield)
rNeg    + . .      Spirit   +    (body armour currently unavailable)
rPois   +          Reflect  .    (helmet currently unavailable)
rElec   .          Harm     .    (cloak currently unavailable)
rCorr   .          Rampage  .    (gloves currently unavailable)
Will    .....      NoTele   +    (boots currently unavailable)
Stlth   ++++++....               P - amulet of regeneration
HPRegen 1.94/turn                N - +4 ring of evasion
MPRegen 0.20/turn                Y - ring of Luvuke {rN+ Int+6}

@: tree-form, weak-willed
A: stationary, stasis, torment immunity, boosted hp, (fangs 3), regeneration 1,
magic shield, (antimagic bite), no potion heal 2
a: Renounce Religion, Unearth Wretches, Torment


You were on level 3 of the Lair of Beasts.
You worshipped Kikubaaqudgha.
Kikubaaqudgha was extremely pleased with you.
You were a tree.
You visited 3 branches of the dungeon, and saw 14 of its levels.
You also visited: Ossuary, Bailey and Ice Cave.

You collected 1644 gold pieces.
You spent 137 gold pieces at shops.

Inventory:

Hand Weapons
 a - a +4 dagger
 b - a +2 short sword of draining
 e - a +0 rapier
 Q - a +4 scimitar of flaming (weapon)
Missiles
 q - 72 poisoned darts
 t - 35 boomerangs
 J - 8 curare-tipped darts
 V - a throwing net
Armour
 w - a +0 pair of gloves (melded)
 B - a +2 pair of boots (melded)
 G - a +2 cloak (melded)
 H - a +0 robe of resistance
 R - a +1 robe of willpower (melded)
 S - a +0 buckler
 W - a +2 hat (melded)
Jewellery
 n - a ring of protection from fire
 A - a ring of resist corrosion
 N - a +4 ring of evasion (left branch)
 P - an amulet of regeneration (around neck)
 Y - the ring of Luvuke (right branch) {rN+ Int+6}
   (You found it in an ice cave)

   [ring of intelligence]

   Int:       It affects your intelligence (+6).
   rN:        It protects you from negative energy.
Wands
 f - a wand of polymorph (5)
 C - a wand of mindburst (7)
 D - a wand of paralysis (4)
 M - a wand of flame (17)
 T - a wand of iceblast (12)
Scrolls
 d - a scroll of vulnerability
 h - 3 scrolls of torment {unknown}
 i - a scroll of summoning {unknown}
 j - 4 scrolls of magic mapping {unknown}
 k - a scroll of fear {unknown}
 o - a scroll of blinking {unknown}
 p - 5 scrolls of fog {unknown}
 v - 7 scrolls of teleportation {unknown}
 x - a scroll of brand weapon {unknown}
 y - 6 scrolls of amnesia {unknown}
 z - a scroll of enchant weapon {unknown}
 F - 3 scrolls of immolation {unknown}
 K - 2 scrolls of poison
Potions
 c - 4 potions of curing
 g - 3 potions of cancellation
 l - 4 potions of might
 m - 3 potions of lignification {!q}
 r - 5 potions of haste
 u - 3 potions of brilliance
 E - a potion of mutation {!q}
 I - 2 potions of resistance
 L - 4 potions of flight
Miscellaneous
 s - a condenser vane
 O - a piece from Xom's chessboard (15/15)


   Skills:
 + Level 0.4 Fighting
 + Level 8.0 Short Blades
 + Level 4.9 Throwing
 + Level 1.6 Dodging
 * Level 14.3 Stealth
 + Level 9.0 Spellcasting
 * Level 9.5 Hexes
 + Level 6.1 Necromancy
 + Level 0.7 Transmutations
 - Level 4.0 Ice Magic
 + Level 3.8 Earth Magic
 + Level 5.0 Evocations


You had 5 spell levels left.
You knew the following spells:

 Your Spells              Type           Power      Damage    Failure   Level
a - Dazzling Flash        Conj/Hex       70%        N/A       2%          3
b - Ensorcelled Hibernat  Hex/Ice        90%        N/A       1%          2
c - Confusing Touch       Hex            56%        N/A       1%          3
d - Tukima's Dance        Hex            56%        N/A       1%          3
e - Borgnjor's Vile Clut  Necr/Erth      18%        N/A       19%         5
f - Anguish               Hex/Necr       25%        N/A       2%          4
p - Passwall              Tmut/Erth      18%        N/A       3%          2
v - Vampiric Draining     Necr           42%        2d9       1%          3

Your spell library contained the following spells:

 Spells                   Type           Power      Damage    Failure   Level
 Freeze                   Ice            100%       1d10      1%          1
 Necrotise                Necr           100%       1d9       1%          1
 Sandblast                Erth           60%        2d14      1%          1
 Sublimation of Blood     Necr           42%        N/A       1%          2
 Summon Guardian Golem    Hex/Summ       35%        N/A       2%          3
 Cigotuvi's Dreadful Rot  Necr/Pois/Air  42%        N/A       3%          2
 Frozen Ramparts          Ice            62%        1d10      3%          3
 Dispel Undead            Necr           42%        3d17      4%          4
 Magic Dart               Conj           44%        1d5       5%          1
 Summon Small Mammal      Summ           44%        N/A       5%          1
 Wereblood                Tmut           15%        N/A       6%          2
 Hailstorm                Conj/Ice       21%        3d6       7%          3
 Stone Arrow              Conj/Erth      40%        3d9       8%          3
 Call Imp                 Summ           11%        N/A       9%          2
 Poisonous Vapours        Pois/Air       22%        N/A       9%          2
 Agony                    Necr           42%        N/A       12%         5
 Call Canine Familiar     Summ           11%        N/A       16%         3
 Mephitic Cloud           Conj/Pois/Air  11%        N/A       16%         3
 Death Channel            Necr           21%        N/A       54%         6
 Orb of Destruction       Conj           5%         9d5       100%        7
 Spellforged Servitor     Conj/Summ      5%         N/A       100%        7
 Summon Hydra             Summ           5%         N/A       100%        7


Dungeon Overview and Level Annotations

Branches:
Dungeon (10/15)            Temple (1/1) D:4            Lair (3/5) D:10
 Shoals (0/4) Lair:3       Spider (0/4) Lair:3          Orc (0/2) D:10
Ossuary (visited)          Bailey (visited)           IceCv (visited)

Altars:
Ashenzari
Dithmenos
Fedhas
Gozag
Hepliaklqana
Kikubaaqudgha
Makhleb
Nemelex Xobeh
Qazlal
Sif Muna
Trog
Uskayaw
Vehumet
Wu Jian
Yredelemnul
Zin
The Shining One

Shops:
D:4 *   D:5 :   D:9 (

Annotations:
D:3 2 transporters, Notanamesir's ghost, amateur DrWr
D:4 1 runed translucent door, mopl's ghost, amateur OpBr
D:7 2 transporters, DEFE's ghost, novice DsFi
Lair:2 3 runed translucent doors, Qeegir's ghost, journeyman HOFi


Innate Abilities, Weirdness & Mutations

You are a tree.
Your roots penetrate the ground, keeping you stationary.
You cannot be teleported.
You are immune to unholy pain and torment.
Your maximum health is greatly increased.
Your equipment is partially melded.
((You have razor-sharp teeth.))
Your natural rate of healing is unusually fast.
When hurt, damage is shared between your health and your magic reserves.
((Your bite disrupts and absorbs the magic of your enemies.))
Potions cannot restore your health.


Message History

You turn into a tree.
Your +2 cloak melds into your body.
Your +2 hat melds into your body.
Your +0 pair of gloves melds into your body.
Your +2 pair of boots melds into your body.
Your +1 robe of willpower melds into your body.
You feel less strong-willed.
Your roots penetrate the ground.
The six-headed hydra bites you but does no damage. x5
The six-headed hydra bites you!
* * * LOW HITPOINT WARNING * * *
Unknown command.
You hack one of the six-headed hydra's heads off!
The flame cauterises the wound!
You slash the five-headed hydra! You burn the five-headed hydra.
The five-headed hydra is moderately wounded.
The five-headed hydra bites you but does no damage. x2
The five-headed hydra bites you.
* * * LOW HITPOINT WARNING * * *
The five-headed hydra bites you but does no damage. x2
Unknown command.
Unknown command.
Unknown command.
Unknown command.
You slice one of the five-headed hydra's heads off!
The flame cauterises the wound!
You slash the four-headed hydra! You burn the four-headed hydra.
The four-headed hydra is heavily wounded.
The four-headed hydra bites you but does no damage.
The four-headed hydra bites you!
* * * LOW HITPOINT WARNING * * *
The four-headed hydra bites you but does no damage. x2
Unknown command.
Okay, then.
Unknown command.
Unknown command.
You hit the four-headed hydra. You burn the four-headed hydra.
The four-headed hydra is heavily wounded.
The four-headed hydra bites you but does no damage.
The four-headed hydra bites you!
You die...
Kikubaaqudgha rasps: "You have failed me!
Welcome... death!"

.. .# ##.................
##~###.#.####.##.........####..#.
#~..#~~..................# ####P
~...~......#...###..#....# ##
.....#...P..........#....# ##
.....#...................# #.
.....#..............#....## ##
###.....#P..........#.....### ##.
..#............D♣........##.###..
..#........#.................###.
.................................
##.........#.P+#.##..............
......)..............†...........
##.........P.#####.#.##########.#
#~~#......### ##### ###
##~P.....## #P~..P.P♣


You could see a four-headed hydra (weak-willed).

Vanquished Creatures
  An ice dragon (IceCv)
  A hydra (Lair:2)
  2 boulder beetles
  A two-headed ogre (D:9)
  Erica (D:8)
  Pikel (D:5)
  2 orc knights (Bailey)
  A deep elf pyromancer (D:10)
  A deep elf zephyrmancer (D:10)
  A torpor snail (Lair:1)
  2 cane toads (Lair:1)
  5 rime drakes
  A kobold demonologist (D:8)
  Psyche (D:9)
  2 komodo dragons (Lair:1)
  A meliai (Lair:3)
  Grinder (D:4)
  A polar bear (Lair:2)
  4 blink frogs (Lair:2)
  4 dream sheep (Lair:1)
  30 yaks
  A shadow (D:9)
  4 basilisks (Lair:1)
  3 wyverns (D:10)
  Grum (D:8)
  Menkaure (D:7)
  Edmund (D:4)
  10 water moccasins
  A swamp drake (D:10)
  An ice beast (D:5)
  2 black bears
  7 orc warriors
  An ogre (D:6)
  2 centaurs
  3 wolves (D:8)
  4 lemures (D:5)
  11 kobold brigands
  Blork the orc (D:5)
  2 scorpions
  9 bullfrogs
  4 water moccasin zombies (Ossuary)
  15 wights
  6 killer bees (Lair:3)
  5 lindwurm simulacra (IceCv)
  3 centaur zombies (Ossuary)
  2 electric eels (D:7)
  A crimson imp (D:10)
  2 bullfrog zombies (Ossuary)
  4 hounds
  3 komodo dragon simulacra (IceCv)
  6 orc priests
  A gnoll bouda (D:10)
  An iron imp (D:10)
  2 iguanas
  15 mummies (Ossuary)
  10 orc wizards
  4 killer bee zombies (Ossuary)
  A howler monkey zombie (Ossuary)
  6 acid dragon simulacra (IceCv)
  8 adders
  4 gnolls
  4 shadow imps
  3 white imps
  7 steam dragon simulacra (IceCv)
  4 worms
  3 dart slugs
  44 orcs
  4 endoplasms
  4 giant cockroaches
  11 goblins
  12 hobgoblins
  5 jackals (D:2)
  A quokka (D:4)
  4 ball pythons
  8 bats
  5 frilled lizards
  30 kobolds
  8 rats
389 creatures vanquished.

Vanquished Creatures (collateral kills)
  9 wights
  Crazy Yiuf (D:5)
  2 orcs (D:5)
12 creatures vanquished.

Vanquished Creatures (others)
  3 dancing weapons
  6 fungi
  20 plants
  8 withered plants (Ossuary)
37 creatures vanquished.

Grand Total: 438 creatures vanquished

Notes
Turn   | Place    | Note
-------+----------+-------------------------------------------
     0 | D:1      | mopl the Vine Stalker Enchanter began the quest for the
                  | Orb.
     0 | D:1      | Reached XP level 1. HP: 9/9 MP: 4/4
    37 | D:1      | Reached skill level 1 in Short Blades
   135 | D:1      | Reached XP level 2. HP: 12/13 MP: 6/6
   140 | D:1      | Learned a level 2 spell: Ensorcelled Hibernation
   471 | D:1      | Reached skill level 4 in Stealth
   501 | D:1      | Reached XP level 3. HP: 16/16 MP: 7/7
   587 | D:1      | Learned a level 3 spell: Confusing Touch
   866 | D:2      | Reached skill level 1 in Ice Magic
   866 | D:2      | Gained mutation: Your natural rate of healing is unusually
                  | fast. [Vine Stalker growth]
   866 | D:2      | Reached XP level 4. HP: 14/21 MP: 6/9
   875 | D:2      | Learned a level 3 spell: Dazzling Flash
  1303 | D:3      | HP: 1/21 [orc priest/+0 short sword of speed (2)]
  1310 | D:3      | Reached skill level 2 in Short Blades
  1310 | D:3      | Reached skill level 3 in Spellcasting
  1310 | D:3      | Reached XP level 5. HP: 3/24 MP: 1/10
  1408 | D:3      | Found a transporter.
  1417 | D:3      | Found a transporter.
  1420 | D:3      | Noticed Notanamesir's ghost (amateur DrWr)
  1895 | D:4      | Noticed mopl's ghost (amateur OpBr)
  1899 | D:4      | Found a runed translucent door.
  1909 | D:4      | Noticed Edmund
  1935 | D:4      | Found Cat Mesmedaz's Assorted Antiques.
  1944 | D:4      | Reached skill level 2 in Ice Magic
  1946 | D:4      | Bought a sedimented ruby potion for 25 gold pieces
  1985 | D:4      | Found a sand-covered staircase.
  1994 | Ossuary  | Entered an ossuary
  2012 | Ossuary  | Reached skill level 5 in Stealth
  2012 | Ossuary  | Reached XP level 6. HP: 28/28 MP: 10/12
  2024 | Ossuary  | Reached skill level 4 in Hexes
  2133 | Ossuary  | Learned a level 3 spell: Tukima's Dance
  2145 | Ossuary  | Reached XP level 7. HP: 27/32 MP: 11/13
  2166 | Ossuary  | Reached skill level 3 in Short Blades
  2267 | Ossuary  | Reached skill level 3 in Ice Magic
  2280 | Ossuary  | Reached skill level 4 in Spellcasting
  2390 | Ossuary  | Reached skill level 6 in Stealth
  2538 | Ossuary  | Gained mutation: You have razor-sharp teeth. [Vine Stalker
                  | growth]
  2538 | Ossuary  | Reached XP level 8. HP: 31/36 MP: 13/15
  2565 | Ossuary  | Reached skill level 5 in Hexes
  2727 | D:4      | Noticed Grinder
  2744 | D:4      | Killed Grinder
  2745 | D:4      | Reached skill level 4 in Ice Magic
  2955 | D:4      | Found a staircase to the Ecumenical Temple.
  2964 | Temple   | Entered the Ecumenical Temple
  2990 | Temple   | Became a worshipper of Kikubaaqudgha
  3082 | D:4      | Killed Edmund
  3083 | D:4      | Reached skill level 4 in Short Blades
  3083 | D:4      | Reached skill level 7 in Stealth
  3083 | D:4      | Reached skill level 5 in Spellcasting
  3348 | D:5      | Entered Level 5 of the Dungeon
  3368 | D:4      | Bought a gold wand for 112 gold pieces
  3453 | D:5      | Noticed Pikel
  3618 | D:5      | Noticed Blork the orc
  3626 | D:5      | Killed Blork the orc
  3665 | D:5      | Killed Pikel
  3666 | D:5      | Reached skill level 8 in Stealth
  3666 | D:5      | Reached skill level 6 in Hexes
  3666 | D:5      | Reached XP level 9. HP: 39/39 MP: 5/18
  3933 | D:5      | Reached skill level 5 in Short Blades
  3971 | D:5      | Found Cytwyqer's Tremendous Tomes.
  4369 | D:5      | Found a runed translucent door.
  4371 | D:5      | Noticed Crazy Yiuf
  4384 | D:5      | Killed Crazy Yiuf
  4464 | D:6      | Reached skill level 6 in Spellcasting
  4604 | D:6      | Reached * piety under Kikubaaqudgha
  4604 | D:6      | Received a gift from Kikubaaqudgha
  4609 | D:6      | Learned a level 3 spell: Vampiric Draining
  4674 | D:6      | Reached skill level 9 in Stealth
  4674 | D:6      | Reached skill level 1 in Necromancy
  5208 | D:6      | Reached skill level 7 in Hexes
  5208 | D:6      | Reached skill level 2 in Necromancy
  5208 | D:6      | Reached XP level 10. HP: 44/44 MP: 7/21
  5468 | D:7      | Found a transporter.
  5472 | D:7      | Found a transporter.
  5560 | D:7      | Reached ** piety under Kikubaaqudgha
  5595 | D:7      | Reached skill level 10 in Stealth
  5601 | D:7      | Noticed Menkaure
  5990 | D:7      | Noticed DEFE's ghost (novice DsFi)
  6117 | D:7      | Killed Menkaure
  6243 | D:7      | Reached skill level 6 in Short Blades
  6431 | D:8      | Noticed a kobold demonologist
  6439 | D:8      | Killed a kobold demonologist
  6440 | D:8      | Reached skill level 7 in Spellcasting
  6448 | D:8      | Reached skill level 1 in Throwing
  6448 | D:8      | Reached skill level 1 in Evocations
  6455 | D:8      | Reached skill level 3 in Necromancy
  6734 | D:8      | Noticed Erica
  6783 | D:8      | Killed Erica
  6784 | D:8      | Reached skill level 11 in Stealth
  6909 | D:8      | Noticed Grum
  6969 | D:8      | Killed Grum
  6970 | D:8      | Reached skill level 2 in Evocations
  6985 | D:8      | Reached skill level 2 in Throwing
  6995 | D:8      | Found a hazy altar of Hepliaklqana.
  7206 | D:9      | Noticed a two-headed ogre
  7222 | D:9      | Killed a two-headed ogre
  7223 | D:9      | Reached XP level 11. HP: 35/47 MP: 21/23
  7230 | D:9      | Noticed Psyche
  7236 | D:9      | Killed Psyche
  7265 | D:9      | Found an ornate altar of the Wu Jian Council.
  7456 | D:9      | Reached *** piety under Kikubaaqudgha
  7456 | D:9      | Received a gift from Kikubaaqudgha
  7457 | D:9      | Reached skill level 4 in Necromancy
  7489 | D:9      | Learned a level 4 spell: Anguish
  7708 | D:9      | Reached skill level 8 in Hexes
  7717 | D:9      | Reached skill level 12 in Stealth
  7850 | D:9      | Found Zonoumuire's Antique Weapon Shop.
  7911 | D:10     | Entered Level 10 of the Dungeon
  7977 | D:10     | Reached skill level 3 in Evocations
  8069 | D:10     | Found a flagged portal.
  8120 | Bailey   | Entered a bailey
  8127 | Bailey   | Noticed an orc knight
  8163 | Bailey   | Reached skill level 3 in Throwing
  8173 | Bailey   | Reached **** piety under Kikubaaqudgha
  8240 | Bailey   | Noticed an orc knight
  8283 | Bailey   | Killed an orc knight
  8341 | Bailey   | Killed an orc knight
  8342 | Bailey   | Reached skill level 7 in Short Blades
  8402 | Bailey   | Reached skill level 8 in Spellcasting
  8630 | D:10     | Learned a level 5 spell: Borgnjor's Vile Clutch
  8694 | D:10     | Noticed a boulder beetle
  8704 | D:10     | Killed a boulder beetle
  8945 | D:10     | Reached skill level 1 in Earth Magic
  8956 | D:10     | Found a staircase to the Lair.
  9065 | D:10     | Found a staircase to the Orcish Mines.
  9248 | D:10     | Reached ***** piety under Kikubaaqudgha
  9288 | D:10     | Reached XP level 12. HP: 33/51 MP: 13/25
  9355 | D:10     | Reached skill level 5 in Necromancy
  9365 | D:10     | Reached skill level 13 in Stealth
  9514 | Lair:1   | Entered Level 1 of the Lair of Beasts
  9586 | Lair:1   | Reached skill level 2 in Earth Magic
  9720 | Lair:1   | Reached skill level 4 in Evocations
  9753 | Lair:1   | Reached skill level 4 in Throwing
  9825 | Lair:1   | Noticed a boulder beetle
  9834 | Lair:1   | Killed a boulder beetle
 10039 | Lair:1   | Reached skill level 3 in Earth Magic
 10535 | Lair:2   | Reached skill level 9 in Hexes
 10641 | Lair:2   | Found a frozen archway.
 10650 | IceCv    | Entered an ice cave
 10982 | IceCv    | Noticed an ice dragon
 11026 | IceCv    | Killed an ice dragon
 11027 | IceCv    | Reached skill level 14 in Stealth
 11226 | IceCv    | Identified the ring "Ciotimmu" {Will+ Str+6}
 11232 | IceCv    | Identified the ring of Luvuke {rN+ Int+6}
 11388 | Lair:2   | Noticed a four-headed hydra
 11392 | Lair:2   | Found a runed translucent gate.
 11392 | Lair:2   | Found a runed translucent gate.
 11392 | Lair:2   | Found a runed translucent gate.
 11393 | Lair:2   | Noticed a 12-headed hydra
 11407 | Lair:2   | Killed a one-headed hydra
 11408 | Lair:2   | Reached skill level 6 in Necromancy
 11408 | Lair:2   | Reached XP level 13. HP: 55/55 MP: 26/26
 11672 | Lair:2   | Noticed Qeegir's ghost (journeyman HOFi)
 11835 | Lair:2   | Learned a level 2 spell: Passwall
 12123 | Lair:3   | Found a hole to the Spider Nest.
 12128 | Lair:3   | Reached skill level 9 in Spellcasting
 12141 | Lair:3   | Reached skill level 8 in Short Blades
 12273 | Lair:3   | Reached skill level 5 in Evocations
 12394 | Lair:3   | Found a staircase to the Shoals.
 12422 | Lair:3   | HP: 3/84 [four-headed hydra (9)]
 12423 | Lair:3   | Slain by a four-headed hydra

Illustrated notes

Levels and vault maps discovered:
D:1:      dpeg_arrival_arbitrary_c, layout_rooms, minmay_misc_feat_more_columns,
          dk_noncrumbling_3
D:2:      cheibrodos_old_hovel, layout_basic, kennysheep_generic_room_3
D:3:      layout_loops_ring, gammafunk_ghost_stat_death
D:4:      layout_rooms, minmay_temple_entry_antechambers, serial_shops, shop,
          lightli_ossuary_entry_decrepit_ruins, hellmonk_ghost_happy_afterlife,
          serial_forest, infiniplex_forest_lined_2,
          infiniplex_forest_straight_2, infiniplex_forest_clump_small,
          infiniplex_forest_clump_small, infiniplex_forest_split,
          infiniplex_forest_clump_diagonal, uniq_grinder, uniq_edmund
D:5:      layout_basic, nicolae_shop_i_like_big_books, uniq_crazy_yiuf_cottage,
          uniq_blork_the_orc, uniq_pikel
D:6:      minmay_chambers_of_threes, layout_loops_ring
D:7:      layout_rooms, gammafunk_ghost_hive, chequers_big_river, uniq_menkaure
D:8:      layout_cave_pools, mainiacjoe_overflow_brackets, special_room
          [special_room_kobold], kennysheep_nub, uniq_erica, uniq_grum
D:9:      layout_loops_ring, mainiacjoe_overflow_24_doors, serial_shops,
          nicolae_shop_hallway_stairs, uniq_psyche
D:10:     layout_irregular_city, minmay_lair_entry_grove, orc_0_dummy,
          enter_bailey_5, hangedman_minor_magic
Temple:   nicolae_temple_bog_church
Lair:1:   layout_regular_city
Lair:2:   layout_regular_city, gammafunk_ghost_hydra_chop,
          portal_ice_cave_entry_pillars_1
Lair:3:   layout_chaotic_city, elwin_shoals_entry_rocks,
          hellmonk_spider_entry_not_the_bees, serial_bayou_ford_a,
          serial_bayou_shore_b, uniq_nessos

Skill      XL: |  1  2  3  4  5  6  7  8  9 10 11 12 13 |
---------------+----------------------------------------+-----
Short Blades   | 1 2 3 4 5 6 7 8 |  8.0
Stealth        | 4 5 6 8 9 11 12 14 | 14.3
Ice Magic      | 1 2 3 4 |  4.0
Spellcasting   | 3 4 5 6 7 8 9 |  9.0
Hexes          | 4 6 7 8 9 |  9.5
Necromancy     | 2 3 4 6 |  6.1
Throwing       | 2 3 4 |  4.9
Evocations     | 2 3 4 5 |  5.0
Earth Magic    | 1 3 |  3.8
Fighting       | |  0.4
Dodging        | |  1.6
Transmutations | |  0.7

Action                   |  1- 3 |  4- 6 |  7- 9 | 10-12 | 13-15 || total
-------------------------+-------+-------+-------+-------+-------++-------
Melee: Dagger            |   152 |   116 |    54 |   309 |    40 ||   671
       Bite              |    36 |    81 |   154 |   241 |    10 ||   522
       Short sword       |       |   142 |   434 |   393 |       ||   969
       Punch             |       |     2 |    11 |     7 |     1 ||    21
       Scimitar          |       |       |       |     5 |     4 ||     9
Throw: Boomerang         |       |     2 |     1 |    18 |       ||    21
       Dart              |       |       |       |     6 |       ||     6
 Cast: Ensorcelled Hiber |       |     3 |    36 |   125 |    16 ||   180
       Tukima's Dance    |       |       |    12 |    26 |       ||    38
       Confusing Touch   |       |       |     2 |     7 |     1 ||    10
       Dazzling Flash    |       |       |       |     7 |       ||     7
       Borgnjor's Vile C |       |       |       |       |     1 ||     1
Evoke: Wand              |       |       |       |    39 |       ||    39
       Condenser vane    |       |       |       |     1 |       ||     1
  Use: Potion            |       |     2 |       |     6 |     1 ||     9
       Scroll            |       |       |     7 |     5 |     2 ||    14
 Stab: Sleeping          |     3 |     9 |    26 |    89 |    14 ||   141
       Invisible         |       |     5 |       |     8 |       ||    13
       Distracted        |       |       |     2 |     3 |       ||     5
       Confused          |       |       |     2 |     7 |     1 ||    10
       Paralysed         |       |       |       |     5 |       ||     5
Armor: Robe              |    55 |    29 |    81 |   151 |    11 ||   327
       Skin              |       |       |       |       |    13 ||    13
Dodge: Dodged            |   139 |   116 |   139 |   326 |    41 ||   761
Block: Other             |       |       |       |    72 |     1 ||    73
       Reflection        |       |       |       |     1 |       ||     1

Table legend: (Time is in decaauts)
 A = Elapsed time spent in this place.
 B = Non-inter-level travel time spent in this place.
 C = Inter-level travel time spent in this place.
 D = Time resting spent in this place.
 E = Time spent auto-exploring this place.
 F = Levels seen in this place.
 G = Mean time per level.
                   A        B        C        D        E       F      G
               +--------+--------+--------+--------+--------+-----+--------+
         Total |  11839 |  11315 |    524 |    818 |   6242 |  17 |  696.4 |
       Dungeon |   7916 |   7525 |    391 |    461 |   4719 |  10 |  791.6 |
        Temple |     41 |     27 |     14 |      0 |     11 |   1 |   41.0 |
          Lair |   2142 |   2024 |    118 |     86 |   1262 |   3 |  714.0 |
       Ossuary |    585 |    585 |      0 |     83 |    121 |   1 |  585.0 |
        Bailey |    446 |    446 |      0 |      0 |    127 |   1 |  446.0 |
      Ice Cave |    708 |    708 |      0 |    188 |      0 |   1 |  708.0 |
               +--------+--------+--------+--------+--------+-----+--------+

Top non-repeatable levels by time:
    D:10: 1051 daAuts
     D:5: 1010 daAuts
  Lair:1: 998 daAuts
     D:6: 903 daAuts
  Lair:2: 850 daAuts
     D:7: 809 daAuts
     D:8: 795 daAuts
     D:3: 778 daAuts
     D:4: 758 daAuts
     D:9: 745 daAuts
   IceCv: 708 daAuts
     D:1: 609 daAuts
 Ossuary: 585 daAuts
     D:2: 455 daAuts
  Bailey: 446 daAuts
